 Dungeon Crawl Stone Soup version 0.30-a0-847-g17996783a1 (console) character file.

Game seed: 6595383551656469750

65713 jejorda2 the Phalangite (level 15, -1/180 HPs)
             Began as a Merfolk Berserker on Mar 3, 2023.
             Was a High Priest of Trog.
             Slain by a reaper
             ... wielding a +1 scythe of freezing
              (6 damage)
             ... in an ice cave on Mar 4, 2023.
             The game lasted 00:58:53 (19909 turns).

jejorda2 the Phalangite (Merfolk Berserker)        Turns: 19909, Time: 00:58:54

Health: -1/180     AC: 19    Str: 24    XL:     15   Next: 17%
Magic:  0/15       EV:  9    Int:  7    God:    Trog [*****.]
Gold:   1037       SH:  0    Dex: 17    Spells: 14/14 levels left

rFire   + . .      SeeInvis .    a - +0 bardiche (flame)
rCold   + + .      Faith    .    (shield currently unavailable)
rNeg    . . .      Spirit   +    z - +4 chain mail {Will+}
rPois   +          Reflect  .    (no helmet)
rElec   +          Rampage  .    E - +0 cloak
rCorr   +                        P - +1 pair of gloves {Dex+3}
Will    +++..                    m - +0 pair of boots Stlth
                                 O - amulet of Kiblamnu {Spirit rElec rC+ rCorr}
HPRegen 0.50/turn                f - ring "Konag" {rPois rF+ Will+}
MPRegen 0.14/turn                H - ring of protection from cold

@: berserking, very quick
A: (nimble swimmer 2), mertail
a: Renounce Religion, Berserk, Trog's Hand, Brothers in Arms


You were in an ice cave.
You worshipped Trog.
Trog was extremely pleased with you.
You visited 2 branches of the dungeon, and saw 17 of its levels.
You also visited: Gauntlet, Ice Cave and Volcano.

You collected 1037 gold pieces.

Inventory:

Hand Weapons
 a - a +0 bardiche of flaming (weapon)
 e - a +2 heavy glaive
 K - a +0 antimagic glaive
 L - a +1 glaive
Missiles
 b - 5 curare-tipped darts
 c - 130 stones
 o - 6 boomerangs
 r - 23 poisoned darts
 F - 8 javelins
 N - 2 throwing nets
Armour
 m - a +0 pair of boots (worn)
 z - a +4 chain mail of willpower (worn)
 E - a +0 cloak (worn)
 P - a +1 pair of gloves of dexterity (worn)
Jewellery
 f - the ring "Konag" (left hand) {rPois rF+ Will+}
   (You found it on level 4 of the Dungeon)

   [ring of willpower]

   rF:        It protects you from fire.
   rPois:     It protects you from poison.
   Will:      It increases your willpower.
 H - a ring of protection from cold (right hand)
 O - the amulet of Kiblamnu (around neck) {Spirit rElec rC+ rCorr}
   (You found it in a Gauntlet)

   [amulet of guardian spirit]

   It causes incoming damage to be divided between your reserves of health and
   magic.
   rC:        It protects you from cold.
   rElec:     It insulates you from electricity.
   rCorr:     It protects you from acid and corrosion.
 R - the dreamshard necklace {*Dream Drain}
   (You took it off a minotaur in a Gauntlet)

   [amulet of nothing]

   *Dream:    It shatters if its wearer takes lethal or near-lethal damage,
   preventing the blow and releasing protective dreams that heal and fight for
   the wearer.
   Drain:     It drains your maximum health when unequipped.
Wands
 g - a wand of roots (6)
 y - a wand of paralysis (9)
 B - a wand of flame (37) (quivered)
 D - a wand of mindburst (12)
 G - a wand of polymorph (3)
Scrolls
 d - 7 scrolls of teleportation
 h - 3 scrolls of blinking
 i - 4 scrolls of fog
 n - 2 scrolls of fear
 A - 5 scrolls of immolation
 U - a scroll of poison
Potions
 j - 9 potions of curing
 l - 2 potions of might
 p - 2 potions of mutation
 q - 2 potions of haste {unknown}
 s - 3 potions of resistance
 t - 2 potions of flight
 v - a potion of heal wounds
 w - 3 potions of invisibility
 x - 2 potions of cancellation
 C - 3 potions of ambrosia
 I - a potion of degeneration {unknown}
 J - a potion of attraction {unknown}
 S - a potion of lignification {unknown}
Miscellaneous
 u - a lightning rod (4/4)


   Skills:
 - Level 12.0 Fighting
 * Level 22.9 Polearms
 - Level 12.0 Throwing
 + Level 7.6 Armour
 - Level 2.6 Dodging
 + Level 5.9 Evocations


You had 14 spell levels left.
You didn't know any spells.
Your spell library was empty.

Dungeon Overview and Level Annotations

Branches:
Dungeon (12/15)            Temple (0/1) D:4            Lair (5/5) D:11
 Shoals (0/4) Lair:2       Spider (0/4) Lair:2        Slime (0/5) Lair:4
    Orc (0/2) D:11          IceCv (1/1)             Volcano (visited)
Gauntlet (visited)

Altars:
Dithmenos
Hepliaklqana
Kikubaaqudgha
Ru
Sif Muna
Jiyva
Lugonu

Shops:
D:4 (   D:10 :(*

Portals:
Abyss: Lair:5

Annotations:
Lair:2 1 runed translucent door, Pupp's ghost, journeyman TrFi
Lair:5 exclusion: obsidian statue


Innate Abilities, Weirdness & Mutations

((You are very nimble when in or above water. (Stealth+, EV+, Speed+++)))
Your lower body shifts to a powerful aquatic tail in water.


Message History

The spriggan simulacrum closely misses you.
The ice devil barely misses you.
Found three items.
The reaper draws a finger across its throat.
The reaper hits you from afar with a +1 scythe of freezing!
The reaper freezes you.
A red film seems to cover your vision as you go berserk!
You feel yourself moving faster!
You feel mighty! The spriggan simulacrum hits you!
The spriggan simulacrum freezes you. You resist.
The reaper hits you from afar with a +1 scythe of freezing!!
The reaper freezes you.
The ice devil hits you but does no damage.
You slice the spriggan simulacrum!!
You melt the spriggan simulacrum.
The spriggan simulacrum vaporises!
Trog accepts your kill.
A wolf simulacrum comes into view.
You slice the ice devil!! You burn the ice devil!
The ice devil is almost dead.
The ice devil hits you. The ice devil freezes you. You resist.
The reaper hits you from afar with a +1 scythe of freezing!!
* * * LOW HITPOINT WARNING * * *
The reaper freezes you.
* * * LOW HITPOINT WARNING * * *
The two-headed ogre simulacrum hits you.
The two-headed ogre simulacrum freezes you!
You resist.
* * * LOW HITPOINT WARNING * * *
The two-headed ogre simulacrum hits you.
* * * LOW HITPOINT WARNING * * *
The two-headed ogre simulacrum freezes you!
You resist.
* * * LOW HITPOINT WARNING * * *
You slash the ice devil! You burn the ice devil.
You kill the ice devil!
Trog accepts your kill.
The wolf simulacrum bites you but does no damage.
You completely miss the wolf simulacrum.
The reaper hits you from afar with a +1 scythe of freezing!
You die...

... ..# #... ...
...### #####..
..##....####≈##...
####..##.....#.≈≈≈.#.
#☼☼.○... #.#...#≈≈≈##
##○○§#..###§○..######.
#§§☼☼°.##.§°#..# ##..
#Z...☼§°§.## #...
#@.###.☼.## #...
#Z...##### ##..
#.2....# ##.. ...##.##
##... ..... ## #...∩
###.### #.... ...
##..∩ ?:/ ##.. ###


You could see a reaper, a wolf simulacrum and a two-headed ogre simulacrum.

Vanquished Creatures
  A reaper (Gauntlet)
  Nessos (Lair:3)
  2 dire elephants (Lair:5)
  A minotaur (Gauntlet)
  Snorg (D:11)
  A fire dragon (Volcano)
  2 hydras
  A boulder beetle (D:11)
  Erica (D:8)
  A catoblepas (Lair:5)
  2 two-headed ogres
  16 death yaks
  Nergalle (D:11)
  A skyshark (Lair:3)
  Sonja (Lair:3)
  Amaemon (D:10)
  A spectral anaconda (Lair:5)
  3 necromancers (Lair:5)
  3 salamanders (Volcano)
  An ugly thing (D:12)
  2 cyclopes (D:11)
  19 elephants
  A rust devil (Gauntlet)
  A dire elephant zombie (Lair:5)
  4 merfolk sirens (Lair:2)
  5 black mambas
  Maggie (D:9)
  An orange demon (D:10)
  7 cane toads
  An unseen horror (D:11)
  13 komodo dragons
  2 unseen horror zombies (D:9)
  An anaconda simulacrum (IceCv)
  2 rime drakes
  6 ice devils (IceCv)
  A polar bear (Lair:4)
  3 hornets
  3 hellwings (Gauntlet)
  13 blink frogs
  6 dream sheep (Lair:5)
  2 spectral elephants (Lair:5)
  A vampire (D:10)
  3 wraiths
  15 wyverns
  30 yaks
  Eustachio (D:6)
  A ynoxinul (Gauntlet)
  4 fire bats (Volcano)
  4 basilisks
  2 redbacks (Lair:2)
  A spectral cane toad (Lair:5)
  2 death yak simulacra (Lair:5)
  3 swamp worms (Gauntlet)
  An acid dragon (D:9)
  2 hell hounds (Lair:3)
  12 water moccasins
  2 orc warriors
  2 sky beasts
  A hornet zombie (D:9)
  2 ice beasts
  2 black bears
  5 ogres
  4 wolves (Lair:1)
  10 centaurs
  2 kobold brigands
  7 bullfrogs
  A gnoll sergeant (D:8)
  A two-headed ogre simulacrum (IceCv)
  2 scorpions (D:6)
  3 cane toad simulacra
  15 wights
  2 vampire bats (Lair:4)
  4 howler monkeys
  2 centaur zombies (D:9)
  A quasit (D:4)
  11 orc priests
  3 sleepcaps
  2 gnoll boudas
  3 hounds
  4 jellies (Lair:4)
  3 iron imps (Gauntlet)
  5 iguanas
  11 orc wizards
  A troll simulacrum (IceCv)
  A spriggan simulacrum (IceCv)
  A howler monkey zombie (D:9)
  14 gnolls
  4 adders
  3 shadow imps
  3 white imps
  5 ufetubi
  3 worms
  3 dart slugs
  49 orcs
  6 endoplasms
  3 giant cockroaches
  6 hobgoblins
  2 jackals (D:3)
  4 quokkas
  6 ball pythons
  8 bats
  4 frilled lizards
  3 goblins
  17 kobolds
  4 rats (D:3)
  A lurking horror (Lair:5)
479 creatures vanquished.

Vanquished Creatures (collateral kills)
  A necromancer (Lair:5)
1 creature vanquished.

Vanquished Creatures (others)
  4 demonic plants (D:4)
  26 fungi
  A lurking horror (Lair:5)
  62 plants
  31 withered plants (Lair:5)
124 creatures vanquished.

Grand Total: 604 creatures vanquished

Notes
Turn   | Place    | Note
-------+----------+-------------------------------------------
     0 | D:1      | jejorda2 the Merfolk Berserker began the quest for the Orb.
     0 | D:1      | Reached XP level 1. HP: 18/18 MP: 1/1
    46 | D:1      | Reached XP level 2. HP: 24/24 MP: 2/2
   205 | D:1      | Found a faded altar of an unknown god.
   250 | D:1      | Reached skill level 5 in Polearms
   258 | D:1      | Reached XP level 3. HP: 27/30 MP: 3/3
   844 | D:2      | Reached XP level 4. HP: 34/37 MP: 4/4
   877 | D:2      | Reached ** piety under Trog
  1054 | D:2      | Reached skill level 6 in Polearms
  1482 | D:3      | Reached XP level 5. HP: 43/43 MP: 5/5
  1662 | D:3      | Noticed an ice beast
  1669 | D:3      | Killed an ice beast
  1670 | D:3      | Reached skill level 5 in Fighting
  1670 | D:3      | Reached skill level 7 in Polearms
  1670 | D:3      | Reached XP level 6. HP: 51/51 MP: 6/6
  2286 | D:4      | Found Myjadin's Weapon Emporium.
  2294 | D:4      | Reached skill level 8 in Polearms
  2297 | D:4      | Identified the ring "Konag" {rPois rF+ Will+}
  2884 | D:4      | Reached XP level 7. HP: 37/56 MP: 7/7
  3068 | D:4      | Found a staircase to the Ecumenical Temple.
  3158 | D:5      | Entered Level 5 of the Dungeon
  3594 | D:5      | Reached skill level 9 in Polearms
  3600 | D:5      | Reached *** piety under Trog
  4309 | D:6      | Reached skill level 10 in Polearms
  4309 | D:6      | Reached XP level 8. HP: 64/64 MP: 8/8
  4602 | D:6      | Noticed Eustachio
  4625 | D:6      | Killed Eustachio
  4626 | D:6      | Reached skill level 11 in Polearms
  4929 | D:6      | Reached skill level 12 in Polearms
  5236 | D:7      | Found a hazy altar of Hepliaklqana.
  5238 | D:7      | Found an ancient bone altar of Kikubaaqudgha.
  5238 | D:7      | Found a shimmering blue altar of Sif Muna.
  5297 | D:7      | Reached XP level 9. HP: 69/69 MP: 9/9
  5885 | D:7      | Reached skill level 13 in Polearms
  6438 | D:8      | Noticed Erica
  6443 | D:8      | Reached **** piety under Trog
  6450 | D:8      | Killed Erica
  6451 | D:8      | Reached skill level 14 in Polearms
  6451 | D:8      | Reached skill level 5 in Armour
  6451 | D:8      | Reached XP level 10. HP: 76/76 MP: 10/10
  6555 | D:8      | Reached skill level 15 in Polearms
  7072 | D:9      | Found a shadowy altar of Dithmenos.
  7234 | D:9      | Reached skill level 1 in Throwing
  7407 | D:9      | Reached skill level 16 in Polearms
  7445 | D:9      | Noticed Maggie
  7455 | D:9      | Killed Maggie
  7695 | D:9      | Found a sacrificial altar of Ru.
  7700 | D:9      | Noticed a two-headed ogre
  7706 | D:9      | Killed a two-headed ogre
  7925 | D:9      | Reached skill level 17 in Polearms
  7925 | D:9      | Reached XP level 11. HP: 81/81 MP: 11/11
  8168 | D:10     | Entered Level 10 of the Dungeon
  8369 | D:10     | Found Femaycadann's Book Emporium.
  8381 | D:10     | Found Vysu Uhu's Weapon Emporium.
  8392 | D:10     | Found Plog's General Store.
  8398 | D:10     | Found Suubra's Antique Armour Emporium.
  8894 | D:11     | Noticed Amaemon
  8912 | D:10     | Killed Amaemon
  8913 | D:10     | Reached skill level 18 in Polearms
  8913 | D:10     | Reached skill level 5 in Throwing
  9088 | D:11     | Identified the +5 long sword of the Hierophant {protect,
                  | rC- rN++ Int+2}
  9349 | D:11     | Noticed a boulder beetle
  9360 | D:11     | Killed a boulder beetle
  9694 | D:11     | Noticed Snorg
  9710 | D:11     | Killed Snorg
  9814 | D:11     | Noticed Nergalle
  9829 | D:11     | Killed Nergalle
  9830 | D:11     | Reached skill level 19 in Polearms
  9887 | D:11     | Noticed a cyclops
  9912 | D:11     | Killed a cyclops
 10102 | D:11     | Found a staircase to the Lair.
 10102 | D:11     | Noticed a cyclops
 10120 | D:11     | Killed a cyclops
 10389 | D:11     | Found a staircase to the Orcish Mines.
 10539 | D:11     | Reached XP level 12. HP: 86/89 MP: 12/12
 10595 | Lair:1   | Entered Level 1 of the Lair of Beasts
 10806 | Lair:1   | Reached ***** piety under Trog
 10880 | Lair:1   | Reached skill level 20 in Polearms
 11641 | Lair:2   | Noticed a death yak
 12063 | Lair:2   | Noticed a death yak
 12064 | Lair:2   | Noticed a death yak
 12065 | Lair:2   | Noticed a death yak
 12066 | Lair:2   | Noticed a death yak
 12092 | Lair:2   | Killed a death yak
 12101 | Lair:2   | Killed a death yak
 12106 | Lair:2   | Noticed a death yak
 12108 | Lair:2   | Killed a death yak
 12120 | Lair:2   | Killed a death yak
 12347 | Lair:2   | Found a hole to the Spider Nest.
 12383 | Lair:2   | Found a staircase to the Shoals.
 12478 | Lair:2   | Reached XP level 13. HP: 84/103 MP: 13/13
 12488 | Lair:2   | Reached skill level 10 in Fighting
 12851 | Lair:2   | Reached skill level 10 in Throwing
 13116 | Lair:2   | Noticed Pupp's ghost (journeyman TrFi)
 13119 | Lair:2   | Found a runed translucent door.
 13407 | Lair:3   | Found a dark tunnel.
 13494 | Volcano  | Entered a volcano
 14066 | Volcano  | Received a gift from Trog
 14431 | Volcano  | Noticed a fire dragon
 14452 | Volcano  | Killed a fire dragon
 15200 | Lair:3   | Noticed Nessos
 15207 | Lair:3   | Killed Nessos
 15270 | Lair:3   | Noticed Sonja
 15273 | Lair:3   | Killed Sonja
 16163 | Lair:4   | Found a viscous altar of Jiyva.
 16171 | Lair:4   | Found a staircase to the Slime Pits.
 16635 | Lair:4   | Reached XP level 14. HP: 113/115 MP: 14/14
 16747 | Lair:5   | Entered Level 5 of the Lair of Beasts
 16787 | Lair:5   | Found a gate leading to a gauntlet.
 16809 | Gauntlet | Entered a Gauntlet
 16809 | Gauntlet | Found a transporter.
 16826 | Gauntlet | Found a transporter.
 16839 | Gauntlet | Found a transporter.
 16844 | Gauntlet | Found a transporter.
 16859 | Gauntlet | Found a transporter.
 16878 | Gauntlet | Found a transporter.
 16890 | Gauntlet | Found a transporter.
 16899 | Gauntlet | Noticed a reaper
 16902 | Gauntlet | Found a transporter.
 16914 | Gauntlet | Found a transporter.
 16926 | Gauntlet | Found a transporter.
 16947 | Gauntlet | Found a transporter.
 16960 | Gauntlet | Found a transporter.
 16962 | Gauntlet | Found a transporter.
 16987 | Gauntlet | Found a transporter.
 16989 | Gauntlet | Found a transporter.
 17009 | Gauntlet | Found a transporter.
 17109 | Gauntlet | Found a transporter.
 17365 | Gauntlet | Reached skill level 1 in Evocations
 17416 | Gauntlet | Found a transporter.
 17473 | Gauntlet | Identified the amulet of Kiblamnu {Spirit rElec rC+ rCorr}
 17528 | Gauntlet | Killed a reaper
 17538 | Gauntlet | Reached skill level 21 in Polearms
 17603 | Gauntlet | Identified the ring "Moemuug" {rPois SInv}
 17713 | Gauntlet | Identified the +0 spear of Mybruarph {spect, *Rage rPois
                  | rC++ Int+3}
 17962 | Lair:5   | Identified the +1 rapier of Indomitability {drain, Will+}
 18342 | Lair:5   | Noticed a dire elephant
 18342 | Lair:5   | Noticed a dire elephant
 18455 | Lair:5   | Reached skill level 22 in Polearms
 18534 | Lair:5   | Found a corrupted altar of Lugonu.
 18535 | Lair:5   | Found a one-way gate to the infinite horrors of the Abyss.
 18780 | Lair:5   | Reached skill level 5 in Evocations
 19303 | Lair:5   | Killed a dire elephant
 19306 | Lair:5   | Reached XP level 15. HP: 120/120 MP: 15/15
 19677 | D:12     | Found a frozen archway.
 19686 | IceCv    | Entered an ice cave
 19850 | IceCv    | Received a gift from Trog
 19907 | IceCv    | HP: 4/180 [two-headed ogre simulacrum (9)]
 19909 | IceCv    | Slain by a reaper

Illustrated notes

Levels and vault maps discovered:
D:1:      nzn_arrival_crosshair, layout_rooms, hellmonk_ecumenical_altar_run_dry
D:2:      layout_basic, minmay_stone_trees_medium
D:3:      layout_loops_cross
D:4:      layout_cave_pools, minmay_temple_entry_wispy, serial_demonic,
          serial_demonic_c, serial_demonic_d, serial_demonic_g,
          serial_demonic_e, chequers_serial_rivers_micro_c,
          nicolae_take_the_stairs
D:5:      layout_cave_pods
D:6:      layout_gridville, uniq_eustachio
D:7:      layout_loops_corners, chequers_temple_overflow_statue_of_worship,
          kennysheep_generic_room_14
D:8:      layout_cave_pools, minivault_23, uniq_erica
D:9:      layout_irregular_city, hangedman_ru_absence,
          grunt_dithmenos_smoke_and_mirrors, serial_undead, serial_undead_d,
          serial_undead_f, serial_undead_e, serial_undead_f, uniq_maggie
D:10:     layout_irregular_city, serial_column_ruins, column_ruins_square_small,
          column_ruins_square_small, column_ruins_columns_straight,
          column_ruins_columns_straight, column_ruins_open_medium,
          column_ruins_open_tiny, minmay_shop_grid_forest
D:11:     layout_gridville, david_lair_shrubbed, orc_0_dummy, uniq_amaemon,
          uniq_snorg, uniq_nergalle
D:12:     layout_basic, serial_glass, glass_columns_b, glass_columns_a,
          portal_ice_cave_entry_pillars_2, nicolae_vehumet_altar_sigil
Lair:1:   layout_gridlike, grunt_megastairs_3, uniq_urug
Lair:2:   layout_regular_city, elwin_shoals_entry_stream, spider_nest_entry_a,
          hellmonk_ghost_happy_afterlife, dreamdust_gnoll_shepherd,
          grunt_megastairs_4, lemuel_fruit_fields
Lair:3:   layout_cave_pods, enter_volcano_3, uniq_nessos, uniq_sonja
Lair:4:   layout_long_grid, nicolae_slime_entry_field_trip, roderic_batcave
Lair:5:   due_jungle_book, layout_small_grid, gauntlet_entry_generic,
          amcnicky_altar_lugonu_corruption
IceCv:    ice_cave_small_demon

Skill      XL: |  1  2  3  4  5  6  7  8  9 10 11 12 13 14 |
---------------+-------------------------------------------+-----
Polearms       | 5 6 7 8 10 12 14 17 19 20 22 | 22.9
Fighting       | 4 5 6 9 12 | 12.0
Armour         | 2 3 5 6 7 |  7.6
Throwing       | 3 6 9 11 12 | 12.0
Evocations     | 5 |  5.9
Dodging        | |  2.6

Action                     |  1- 3 |  4- 6 |  7- 9 | 10-12 | 13-15 || total
---------------------------+-------+-------+-------+-------+-------++-------
  Melee: Spear             |   111 |   246 |    25 |       |       ||   382
         Punch             |     3 |       |       |       |       ||     3
         Halberd           |       |       |   206 |       |       ||   206
         Trident           |       |       |    65 |   115 |       ||   180
         Glaive            |       |       |       |   450 |   213 ||   663
         Bardiche          |       |       |       |       |   533 ||   533
         Tailslap          |       |       |       |       |     4 ||     4
  Throw: Stone             |       |     1 |    27 |       |       ||    28
         Dart              |       |       |       |    22 |    15 ||    37
         Boomerang         |       |       |       |     2 |       ||     2
 Invoke: Berserk           |       |     4 |     7 |     9 |    19 ||    39
         Trog's Hand       |       |     1 |     1 |     3 |     6 ||    11
         Brothers in Arms  |       |       |       |       |     1 ||     1
  Evoke: Wand              |       |       |       |       |     6 ||     6
    Use: Scroll            |       |       |    16 |     4 |    10 ||    30
         Potion            |       |       |       |       |     3 ||     3
   Stab: Sleeping          |     1 |       |       |       |       ||     1
         Distracted        |     1 |       |       |       |     1 ||     2
         Paralysed         |       |       |       |       |     1 ||     1
         Petrified         |       |       |       |       |     5 ||     5
 Armour: Animal skin       |     7 |       |       |       |       ||     7
         Ring mail         |     9 |    20 |       |       |       ||    29
         Chain mail        |       |    57 |   166 |   260 |   323 ||   806
         Scale mail        |       |    22 |       |       |       ||    22
  Dodge: Dodged            |    49 |    80 |    91 |   161 |   230 ||   611

Table legend: (Time is in decaauts)
 A = Elapsed time spent in this place.
 B = Non-inter-level travel time spent in this place.
 C = Inter-level travel time spent in this place.
 D = Time resting spent in this place.
 E = Time spent auto-exploring this place.
 F = Levels seen in this place.
 G = Mean time per level.
                   A        B        C        D        E       F      G
               +--------+--------+--------+--------+--------+-----+--------+
         Total |  19750 |  19119 |    631 |   3096 |  12290 |  20 |  987.5 |
       Dungeon |  10632 |  10313 |    319 |   1241 |   7216 |  12 |  886.0 |
          Lair |   6692 |   6381 |    311 |    854 |   4389 |   5 | 1338.4 |
      Ice Cave |    207 |    207 |      0 |    126 |      0 |   1 |  207.0 |
       Volcano |   1269 |   1269 |      0 |    688 |    339 |   1 | 1269.0 |
      Gauntlet |    948 |    948 |      0 |    186 |    345 |   1 |  948.0 |
               +--------+--------+--------+--------+--------+-----+--------+

Top non-repeatable levels by time:
  Lair:5: 1738 daAuts
    D:11: 1458 daAuts
  Lair:1: 1438 daAuts
  Lair:2: 1375 daAuts
  Lair:3: 1294 daAuts
 Volcano: 1269 daAuts
     D:7: 1225 daAuts
     D:9: 1073 daAuts
     D:5: 1024 daAuts
    D:10: 994 daAuts
     D:6: 949 daAuts
Gauntlet: 948 daAuts
     D:2: 914 daAuts
  Lair:4: 845 daAuts
     D:4: 803 daAuts
